AoeStats
← King K. Rool

Nomad

503441146Analyzed
4v4 RM · 1mo ago on Aug 31, 2026· 30m 28s· 8 players
Game mode
Random Map
Map size
231×231
Population
200
Speed
Normal
Resources
Standard
Victory
Conquest
Starting age
Dark Age
Ending age
Imperial Age
RankedLock teamsTeams togetherTeam positionsShared explorationLock speedFull tech treeHidden civsTurbo modeCheats
Victory
Defeat
🇩🇪 Koreans · Germany
1373
+12
🇧🇷 Franks · Brazil
1336
+14
🇪🇸 Inca · Spain
1314
+15
🇦🇷 Mongols · Argentina
1314
+15
🇺🇸 Japanese · United States
1325
-16
🇳🇱 Berbers · Netherlands
1280
-14
🇹🇼 Vietnamese · Taiwan
1276
-13
🇪🇸 Spanish · Spain
1264
-13
M.Gallego
4:41 Loom
14:18 Feudal Age
20:54 Castle Age
19:20 Forging
19:10 Scale Mail Armor
19:38 Champi Runner
20:32 Double-Bit Axe
21:12 Champi Warrior
22:09 Chain Mail Armor
22:30 Iron Casting
25:40 Arson
Klacks
3:32 Loom
14:05 Feudal Age
17:06 Fletching
21:15 Castle Age
21:14 Double-Bit Axe
22:12 Bodkin Arrow
talespereira012
6:04 Loom
13:54 Feudal Age
18:30 Castle Age
16:52 Double-Bit Axe
17:03 Stone Mining
19:38 Wheelbarrow
18:49 Town Watch
32:02 Imperial Age
30:18 Bow Saw
Sr. Sam
9:44 Loom
11:55 Feudal Age
16:43 Castle Age
14:51 Double-Bit Axe
16:07 Fletching
16:11 Stone Mining
20:25 Bodkin Arrow
22:41 Horse Collar
24:26 Padded Archer Armor
26:13 Husbandry
26:59 Bow Saw
27:14 Ballistics
27:22 Gold Mining
29:03 Masonry
30:05 Gold Shaft Mining
Slayer
5:57 Loom
14:31 Feudal Age
16:32 Fletching
22:55 Castle Age
23:30 Town Watch
23:44 Bodkin Arrow
28:39 Scale Mail Armor
pef
5:06 Loom
14:56 Feudal Age
18:45 Castle Age
20:54 Wheelbarrow
23:48 Double-Bit Axe
24:14 Padded Archer Armor
24:05 Fletching
25:03 Hand Cart
26:17 Bloodlines
26:03 Stone Mining
27:21 Horse Collar
King K. Rool
6:10 Loom
16:16 Feudal Age
17:13 Double-Bit Axe
17:55 Gold Mining
20:44 Castle Age
18:51 Stone Mining
20:21 Fletching
23:46 Bow Saw
29:04 Wheelbarrow
28:15 Town Watch
pasonnosap
4:59 Loom
15:48 Feudal Age
17:08 Double-Bit Axe
17:54 Fletching
18:06 Padded Archer Armor
20:21 Wheelbarrow
23:47 Castle Age
22:52 Gold Mining
22:55 Fishing Lines
28:01 Bodkin Arrow
28:21 Leather Archer Armor
29:34 Elite Skirmisher
Connection lost

Rejoining the realm…

Still unreachable

The connection could not be restored.

Session expired

The server has moved on; the page needs a fresh start.